 Dungeon Crawl Stone Soup version bcrawl-1.37 (webtiles) character file.

Game seed: 9017681747996531796

16585840 zoran the Cloud Mage (level 27, 240/240 HPs)
             Began as a White Draconian Archaeologist on Sept 20, 2022.
             Was the Champion of Ashenzari.
             Escaped with the Orb
             ... and 4 runes on Sept 22, 2022!
             The game lasted 05:10:37 (67999 turns).

zoran the Cloud Mage (DrAc)                        Turns: 67999, Time: 05:10:38

Health: 240/240    AC: 22    Str: 16    XL:     27
Magic:  51/54      EV: 21    Int: 26    God:    Ashenzari [******]
Gold:   6397       SH: 11    Dex:  9    Spells: 2/62 levels left

rFire    + + .     GDR:     21% L - staff of air (curse)
rCold    + + +     SeeInvis +   p - +3 buckler of Weightlessness {MR+} (curse)
rNeg     + . .     Gourm    .   (armour unavailable)
rPois    +         Faith    .   J - +2 hat (curse)
rElec    +         Spirit   .   B - +2 cloak of the Thief {+Fog +Inv Slay-2 SInv Stlth+} (curse)
rCorr    +         Reflect  .   z - +2 pair of gloves (curse)
MR       ++++.     Clarity  +   t - +0 pair of boots of Dim Light {rPois rC++ rN+} (curse)
Stlth    +++.......             G - amulet of Xom's Flight of Fancy {RegenMP rPois rF++ MP+9 Dex-2} (curse)
HPRegen  0.50/turn              g - ring "Gich" {rC+++ MR+ SInv Stlth+} (curse)
MPRegen  0.90/turn              O - ring of resist corrosion (curse)

@: studying 3 skills
A: breathe frost, unfitting armour, hooves 1, clever 1, cold resistance 1,
mutation resistance 1, cold-blooded, AC +13
0: Orb of Zot
}: 4/15 runes: barnacled, slimy, silver, gossamer
a: Breathe Frost, Curse Item, Scrying, Transfer Knowledge, Renounce Religion,
Evoke Fog, Evoke Invisibility


You escaped.
You worshipped Ashenzari.
Ashenzari was exalted by your worship.
You were not hungry.

You visited 11 branches of the dungeon, and saw 48 of its levels.
You also visited: Sewer.

You collected 8939 gold pieces.
You spent 2542 gold pieces at shops.

Inventory:

Missiles
 R - 9 throwing nets (quivered) {=f}
Armour
 p - the cursed +3 buckler of Weightlessness (worn) {MR+}
   (You acquired it on level 1 of the Elven Halls)

   It affects your resistance to hostile enchantments.
   It has a curse placed upon it.
 t - the cursed +0 pair of boots of Dim Light (worn) {rPois rC++ rN+}
   (You found it on level 3 of the Elven Halls)

   It greatly protects you from cold.
   It protects you from poison.
   It protects you from negative energy.
   It has a curse placed upon it.
 z - a cursed +2 pair of gloves (worn)
 B - the cursed +2 cloak of the Thief (worn) {+Fog +Inv Slay-2 SInv Stlth+}
   (You found it on level 3 of the Depths)

   It affects your accuracy and damage with ranged weapons and melee attacks
   (-2).
   It lets you see invisible.
   It lets you turn invisible.
   It makes you more stealthy.
   It has a curse placed upon it.
 J - a cursed +2 hat (worn)
Magical Staves
 D - an uncursed staff of cold
 I - an uncursed staff of conjuration
 L - a cursed staff of air (weapon)
Jewellery
 g - the cursed ring "Gich" (left hand) {rC+++ MR+ SInv Stlth+}
   (You acquired it on level 3 of the Dungeon)

   [ring of see invisible]

   It renders you almost immune to cold.
   It affects your resistance to hostile enchantments.
   It lets you see invisible.
   It makes you more stealthy.
   It has a curse placed upon it.
 G - the cursed amulet of Xom's Flight of Fancy (around neck) {RegenMP rPois rF++ MP+9 Dex-2}
   (You bought it in a shop on level 3 of the Shoals)

   [amulet of magic regeneration]

   It increases your magic regeneration.
   It affects your dexterity (-2).
   It greatly protects you from fire.
   It protects you from poison.
   It affects your magic capacity (+9).
   It has a curse placed upon it.
 O - a cursed ring of resist corrosion (right hand)
Wands
 n - a wand of clouds (5)
 o - a wand of iceblast (15)
 y - a wand of polymorph (10)
 M - a wand of paralysis (22)
 W - a wand of charming (37)
 Z - a wand of digging (41)
Scrolls
 c - 4 scrolls of vulnerability
 i - 4 scrolls of enchant armour
 k - 7 scrolls of teleportation
 q - 7 scrolls of fog
 r - 6 scrolls of amnesia
 w - 20 scrolls of remove curse
 E - 3 scrolls of blinking
 H - 3 scrolls of summoning
 K - 5 scrolls of immolation
Potions
 a - 4 potions of invisibility
 f - 6 potions of agility
 h - 4 potions of resistance
 l - 21 potions of curing
 m - 7 potions of cancellation
 s - 3 potions of haste
 x - 4 potions of magic
 A - 5 potions of might
 C - 8 potions of heal wounds
 F - 4 potions of ambrosia
 Q - a potion of brilliance
 T - 20 potions of mutation
 V - 5 potions of lignification
 Y - 4 potions of flight
Miscellaneous
 b - a fan of gales (2/2)
 j - 4 phantom mirrors
 u - a sack of spiders
 v - a phial of floods
 P - a lightning rod (4/4)
 U - a box of beasts
 X - a lamp of fire
Comestibles
 e - 50 rations {!d}


   Skills:
 - Level 18.6(23.0) Fighting
   Level 4.0(9.0) Maces & Flails
 - Level 6.3(11.9) Throwing
 - Level 18.3(23.0) Dodging
 - Level 13.1(18.1) Stealth
 - Level 10.1(15.3) Shields
 - Level 18.3(23.0) Spellcasting
 - Level 14.2(19.1) Conjurations
 - Level 1.7(5.5) Hexes
 - Level 10.4(15.5) Summonings
 - Level 15.3(20.1) Translocations
 + Level 19.6(23.7) Ice Magic
 - Level 22.8(27) Air Magic
 - Level 11.1(16.2) Evocations


You had 2 spell levels left.
You knew the following spells:

 Your Spells              Type           Power        Failure   Level  Hunger
a - Aura of Abjuration    Summ           #######...   1%          6    None
i - Lightning Bolt        Conj/Air       ########..   0%          5    None
m - Metabolic Englaciati  Hex/Ice        #######...   1%          5    None
o - Icicle Burst          Conj/Ice       #######...   1%          7    None
q - Airstrike             Air            ########..   0%          4    None
r - Glaciate              Conj/Ice/Air   ########..   1%          8    None
s - Swiftness             Chrm/Air       ########     0%          2    None
t - Tornado               Tloc/Air       ########..   1%          8    None
u - Static Discharge      Air            ########     0%          3    None
w - Freezing Cloud        Ice/Air        ########..   0%          6    None
y - Summon Mana Viper     Hex/Summ       ######..     1%          5    None
z - Shock                 Conj/Air       #####        0%          1    None

Your spell library contained the following spells:

 Spells                   Type           Power        Failure   Level  Hunger
 Blink Other              Tloc           ######       0%          1    None
 Magic Dart               Conj           ####         0%          1    None
 Summon Butterflies       Summ           #######.     0%          1    None
 Summon Small Mammal      Summ           ####         0%          1    None
 Call Imp                 Summ           ######       0%          2    None
 Ensorcelled Hibernation  Hex/Ice        ######       0%          2    None
 Poisonous Vapours        Pois/Air       ######       0%          2    None
 Searing Ray              Conj           #######.     0%          2    None
 Beastly Appendage        Tmut           ####..       1%          1    None
 Corona                   Hex            ######.      1%          1    None
 Flame Tongue             Conj/Fire      #####        1%          1    None
 Necrotize                Necr           ####..       1%          1    None
 Sandblast                Erth           ####..       1%          1    None
 Slow                     Hex            ######..     1%          1    None
 Sting                    Conj/Pois      ####         1%          1    None
 Shackle                  Hex            ######..     1%          2    None
 Corpse Rot               Necr           N/A          2%          2    None
 Passwall                 Tmut/Erth      ####....     2%          2    None
 Sticks to Snakes         Tmut           ####....     2%          2    None
 Sublimation of Blood     Necr           ####......   2%          2    None
 Call Canine Familiar     Summ           #######.     0%          3    None
 Iskenderun's Mystic Bla  Conj           #######.     0%          3    None
 Mephitic Cloud           Conj/Pois/Air  ########     0%          3    None
 Recall                   Summ/Tloc      N/A          0%          3    None
 Summon Ice Beast         Ice/Summ       #######.     0%          4    None
 Summon Lightning Spire   Summ/Air       ########     0%          5    None
 Ozocubu's Refrigeration  Ice            ########..   0%          6    None
 Confuse                  Hex            ######..     1%          3    None
 Conjure Flame            Conj/Fire      ######..     1%          3    None
 Dazzling Orbs            Conj/Hex       #######      1%          3    None
 False Image              Hex/Summ       ######..     1%          3    None
 Inner Flame              Hex/Fire       N/A          1%          3    None
 Stone Arrow              Conj/Erth      ######       1%          3    None
 Tukima's Dance           Hex            ######..     1%          3    None
 Cause Fear               Hex            ######....   1%          4    None
 Fulminant Prism          Conj/Hex       #######...   1%          4    None
 Ice Form                 Ice/Tmut       #######.     1%          4    None
 Bolt of Draining         Conj/Necr      ######....   1%          5    None
 Irradiate                Conj/Tmut      ######....   1%          5    None
 Silence                  Hex/Air        ########..   1%          5    None
 Summon Demon             Summ           #######...   1%          5    None
 Summon Forest            Summ/Tloc      #######...   1%          5    None
 Bolt of Cold             Conj/Ice       #######...   1%          6    None
 Conjure Ball Lightning   Conj/Air       ########..   1%          6    None
 Deflect Missiles         Chrm/Air       ########..   1%          6    None
 Simulacrum               Ice/Necr       #######.     1%          6    None
 Orb of Destruction       Conj           #######...   1%          7    None
 Chain Lightning          Conj/Air       ########..   1%          8    None
 Shadow Creatures         Summ           N/A          2%          7    None
 Ignite Poison            Fire/Tmut/Pois ####....     4%          3    None
 Spider Form              Tmut/Pois      ###          4%          3    None
 Vampiric Draining        Necr           ####......   4%          3    None
 Tree Form                Hex/Tmut       N/A          5%          4    None
 Yara's Violent Unravell  Hex/Tmut       #####.....   5%          4    None
 Mana Rupture             Conj/Hex       #######...   9%          7    None
 Agony                    Necr           ####....     17%         4    None
 Animate Dead             Necr           N/A          17%         4    None
 Petrify                  Tmut/Erth      ####......   17%         4    None
 Darkness                 Hex            ######....   26%         6    None
 Invisibility             Hex            ######..     26%         6    None
 Blade Hands              Tmut           ####......   43%         5    None
 Dispel Undead            Necr           ####....     43%         5    None
 Lee's Rapid Deconstruct  Erth           ####......   43%         5    None
 Lehudib's Crystal Spear  Conj/Erth      ######....   91%         8    ##.....
 Borgnjor's Vile Clutch   Necr/Erth      ####......   95%         6    None
 Statue Form              Tmut/Erth      ####.....    95%         6    None
 Steam Barrier            Chrm/Fire      ####......   95%         6    None
 Ignition                 Fire           ####......   100%        8    ##.....
 Fire Storm               Conj/Fire      ######....   100%        9    ####...
 Shatter                  Erth           ####......   100%        9    ####...
 Passage of Golubria      Tloc           Unusable     N/A         5    N/A

Dungeon Overview and Level Annotations

Branches:
Dungeon (12/12)            Temple (0/1) D:7            Lair (6/6) D:9
 Shoals (3/3) Lair:2       Spider (3/3) Lair:2        Slime (5/5) Lair:5
    Orc (1/1) D:11            Elf (3/3) Orc          Vaults (3/3) D:12
  Crypt (2/2) Vaults:1       Tomb (0/3) Crypt:2      Depths (5/5) D:12
    Zot (5/5) Depths:5

Altars:
Ashenzari
Cheibriados
Dithmenos
Gozag
Kikubaaqudgha
Lugonu
Okawaru
Ru
Sif Muna
Uskayaw
Vehumet
Wu Jian
Yredelemnul
The Shining One
Jiyva

Shops:
D:10 [   Orc ([*:?   Elf:1 :   Elf:3 !   Shoals:1 [   Shoals:2 =
Shoals:3 =[=*   Vaults:1 :   Depths:1 =}=   Depths:3 *

Portals:
Hell: Depths:1 Depths:2 Depths:3 Depths:4 Depths:5
Abyss: Depths:4
Pandemonium: Depths:3 Depths:4
Ziggurat: Depths:4

Annotations:
Lair:3 Urug
Spider:3 exclusion: orange crystal statue
Elf:1 1 runed door


Innate Abilities, Weirdness & Mutations

You can breathe waves of freezing cold.
You can buffet flying creatures when you breathe cold.
Your icy white scales are hard. (AC +13)
You cannot fit into any form of body armour.
Your flesh is cold resistant. (rC+)
You are cold-blooded and may be slowed by cold attacks.
You have large cloven feet.
Your mind is acute. (Int +2)
You are somewhat resistant to further mutation.


Message History

This square is covered in magical glow.
The rock shatters into small pieces.
A giant cockroach comes into view.
An eye of draining comes into view.
The eye of draining turns its gaze towards you.
Casting: Icicle Burst (safe; 1% risk of failure)
Confirm with . or Enter, or press ? or * to list all spells.
Aiming: Icicle Burst (safe; 1% risk of failure)
Press: ? - help, Shift-Dir - straight line, f - giant cockroach
Aim: a giant cockroach (clinging)
The burst of ice shards hits the eye of draining!!
The burst of ice shards hits the eye of draining!
The burst of ice shards hits the eye of draining!!
You kill the eye of draining!
The burst of ice shards hits the giant cockroach.
You kill the giant cockroach!
A sun demon comes into view.
There is a staircase leading out of the dungeon here.
The power of the Orb breaks the dimensional shunt like a soap bubble!
You have escaped!

.....##......................##.#
#.#..##.######...#####..#.#.....#
.....##.# #...# #..#.#..####
#.#.###.# #...# ###.>.....#
#......##### #...# #...)....#####
###.#......#########.####.##.....
###.#...##.##⌠...⌠##.####.##.####
....#...##.##.....#.....#.##.####
#####......##.>.@.##.##.#..{{..##
####..###.....##.##.#.##.#.##
###..#.####⌠...†....{.3.##.#..>
#....##..#.#########..####.{...
#.)...###.###.....##..## ######
#.......#####.#.#......# #
#...(....###.##.####...# #
#.#...#.#...#..........#
#.......#####.#......#.#


There were no monsters in sight!

Vanquished Creatures
  the Royal Jelly (Slime:5)
  A juggernaut (Depths:4)
  Mara (Elf:3)
  2 ancient liches (Zot:5)
  7 orbs of fire (Zot:5)
  Sojobo (Depths:3)
  5 Killer Klowns
  Margery (Crypt:1)
  10 golden dragons
  A curse toe (Zot:3)
  Saint Roka (Depths:1)
  Frederick (Crypt:1)
  A caustic shrike (Depths:4)
  A rockslime (Zot:1)
  Nikola (Elf:3)
  2 profane servitors (Crypt:2)
  A Shadow Fiend (Depths:3)
  Zenata (Depths:3)
  3 electric golems
  3 Orb Demons
  8 tentacled monstrosities
  30 Orb Guardians
  Rupert (Lair:5)
  Asterion (Depths:1)
  2 deep elf blademasters (Elf:3)
  2 titans
  2 deep elf master archers (Elf:3)
  3 liches
  A Hell Sentinel (D:8)
  A kraken (Shoals:3)
  5 quicksilver dragons
  3 death cobs
  16 acid blobs
  9 ancient champions
  An Executioner (Depths:5)
  7 shadow dragons
  4 sphinxes
  13 storm dragons
  5 draconian monks
  Ilsuiw (Shoals:3)
  5 war gargoyles
  Roxanne (Elf:3)
  Donald (Slime:1)
  Kirke (D:12)
  3 tengu reavers
  An iron dragon (Vaults:3)
  8 azure jellies
  5 deep elf sorcerers (Elf:3)
  5 draconian knights
  4 revenants
  11 frost giants
  8 fire giants
  An iron golem (Depths:2)
  5 orc warlords
  2 emperor scorpions
  7 ghost moths
  14 vault wardens
  4 deep elf elementalists (Elf:3)
  A ghoul (Crypt:2)
  Nessos (Lair:6)
  2 draconian stormcallers (Zot:1)
  7 draconian shifters
  A curse skull (D:12)
  18 ironheart preservers
  A cacodemon (Depths:3)
  16 stone giants
  An eye of devastation (Depths:4)
  3 draconian scorchers (Zot:2)
  3 caustic shrike skeletons
  5 spriggan defenders
  8 vampire knights
  18 very ugly things
  3 draconian annihilators
  7 green draconians
  4 deep elf demonologists (Elf:3)
  16 black draconians
  13 white draconians
  10 deep elf annihilators
  The ghost of yrara the Cleaver, a journeyman DsFi of Gozag (Lair:6)
  13 red draconians
  13 yellow draconians
  2 pale draconians (Depths:5)
  An entropy weaver (Vaults:2)
  10 purple draconians
  8 spark wasps
  8 deep elf death magi
  6 dire elephants (Vaults:1)
  An eidolon (Crypt:2)
  A blizzard demon (Depths:2)
  12 fire dragons
  11 crystal guardians (Depths:2)
  A mummy priest (Crypt:2)
  Snorg (D:10)
  3 merfolk javelineers (Shoals:3)
  2 quicksilver dragon zombies
  8 merfolk impalers
  12 ettins
  5 deep elf high priests
  7 hydras
  8 jiangshi
  14 yaktaur captains
  31 vault guards
  10 ice dragons
  11 rakshasas
  4 ogre magi
  An anaconda (shapeshifter) (Depths:2)
  12 great orbs of eyes
  A hell beast (Depths:1)
  4 shadow wraiths
  3 spriggan air magi
  5 merfolk aquamancers
  A catoblepas (D:11)
  Sonja (Lair:3)
  An alligator snapping turtle (Shoals:1)
  A satyr (Shoals:3)
  44 dancing weapons
  5 tengu warriors
  3 death knights
  A two-headed ogre (shapeshifter) (Depths:1)
  8 death oozes (Slime:5)
  18 two-headed ogres
  6 sea snakes
  5 deep troll earth magi
  7 deep troll shamans
  6 death yaks (Lair:6)
  6 spriggan berserkers
  6 vampire magi
  2 ironheart beastmasters (Vaults:1)
  17 deep elf knights
  A titan zombie (Vaults:3)
  19 deep trolls
  5 orc high priests
  17 hell knights
  A storm dragon skeleton (Crypt:2)
  A fire crab (Shoals:2)
  21 skeletal warriors
  3 iron trolls
  32 centaur warriors
  A sixfirhy (Depths:3)
  A titan skeleton (Crypt:2)
  An iron troll (shapeshifter) (Depths:2)
  3 swamp dragons (Zot:1)
  A golden dragon zombie (Depths:3)
  An orange crystal statue (Depths:2)
  3 shadow demons (Depths:3)
  A kraken simulacrum (Shoals:3)
  A glowing orange brain (shapeshifter) (Depths:2)
  6 unseen horrors
  5 glowing orange brains
  4 flayed ghosts
  2 obsidian statues (Depths:2)
  6 deep elf archers
  2 wolf spider zombies
  7 wizards
  13 phantasmal warriors
  16 ironheart convokers
  17 orb spiders
  A harpy (shapeshifter) (Depths:2)
  7 cyclopes
  9 orc knights
  12 necromancers
  A sphinx zombie (Depths:1)
  A mana viper (shapeshifter) (Depths:2)
  2 oklob plants (Lair:4)
  28 wolf spiders
  39 ugly things
  A toenail golem (D:11)
  4 shining eyes
  An iron dragon zombie (Depths:3)
  15 manticores
  2 stone giant zombies
  2 fire giant zombies
  3 fauns (Shoals:3)
  4 orc sorcerers
  20 harpies
  52 deep elf magi
  A frost giant skeleton (Crypt:2)
  5 large abominations
  25 moths of wrath
  A sphinx skeleton (Crypt:1)
  A stone giant skeleton (D:12)
  A moth of wrath (shapeshifter) (Depths:2)
  A black mamba (shapeshifter) (Vaults:1)
  A rust devil (Depths:5)
  5 merfolk sirens (Shoals:3)
  5 elephants
  4 will-o'-wisps (Depths:2)
  2 fire giant skeletons (Vaults:3)
  2 guardian serpents (shapeshifter)
  4 black mambas
  A smoke demon (Depths:3)
  3 torpor snails
  2 hellions (Zot:2)
  10 vault sentinels
  3 water nymphs
  4 gargoyles (Depths:2)
  4 molten gargoyles (Depths:2)
  9 cane toads
  6 demonic crawlers
  A kobold demonologist (D:9)
  3 efreet (Zot:2)
  A rime drake (shapeshifter) (Depths:2)
  8 freezing wraiths
  23 jumping spiders
  An eye of draining (D:1)
  4 rime drakes
  A yaktaur zombie (Vaults:2)
  A hellwing (Depths:5)
  An ice devil (Depths:3)
  8 komodo dragons
  4 flying skulls (Crypt:1)
  2 tengu conjurers
  A dryad (D:9)
  58 yaktaurs
  5 guardian mummies (Crypt:2)
  A queen bee (shapeshifter) (Vaults:3)
  An iron troll zombie (Crypt:1)
  A wolf spider simulacrum (Crypt:1)
  Maurice (D:12)
  3 wind drakes
  A harpy zombie (D:12)
  A merfolk (shapeshifter) (D:12)
  17 hornets
  19 merfolk
  3 polar bears (Lair:6)
  2 spriggan skeletons
  7 trolls
  5 harpy skeletons
  97 slime creatures
  2 ettin zombies
  19 dream sheep
  A slime creature (shapeshifter) (Elf:3)
  5 blink frogs (Lair:2)
  A bog body (Crypt:2)
  7 snapping turtles
  A dream sheep (shapeshifter) (Depths:2)
  14 hippogriffs
  2 meliai zombies
  A frost giant simulacrum (Vaults:2)
  4 small abominations (Depths:4)
  6 air elementals
  A goliath frog skeleton (Crypt:1)
  18 tarantellas
  A vampire (D:12)
  21 spriggans
  17 water elementals
  A deep troll zombie (D:12)
  9 shadows
  4 wraiths
  26 yaks
  6 fire elementals
  A human (shapeshifter) (Vaults:3)
  16 humans
  A fire dragon skeleton (Crypt:1)
  7 hogs (D:12)
  36 redbacks
  4 golden eyes (Slime:5)
  3 basilisks
  5 chaos spawn
  3 steam dragons (Depths:5)
  A hungry ghost (D:12)
  3 vampire mosquitoes (D:10)
  Menkaure (D:7)
  A harpy simulacrum (D:12)
  5 wargs
  2 acid dragons (shapeshifter)
  A cane toad zombie (Crypt:2)
  A crocodile (shapeshifter) (Depths:2)
  11 crocodiles
  4 acid dragons
  A floating eye (Depths:1)
  6 porcupines
  8 water moccasins
  2 soldier ants (shapeshifter)
  An infernal demonspawn skeleton (Crypt:1)
  4 black bears
  3 hell hounds (Zot:3)
  62 orc warriors
  An ice beast (D:10)
  A phantom (D:7)
  21 ogres
  A necrophage (Crypt:2)
  A redback zombie (Crypt:1)
  2 boggarts (shapeshifter)
  13 boggarts
  24 wolves
  2 hornet zombies (D:12)
  5 kobold brigands
  13 bullfrogs
  4 earth elementals (Depths:2)
  A wyvern zombie (D:9)
  5 centaurs
  8 scorpions
  A killer bee (shapeshifter) (Depths:1)
  21 killer bees
  2 human simulacra
  A statue (D:9)
  An electric eel (D:8)
  21 orc priests
  4 jellies
  2 quasits
  6 hounds
  An iron imp (D:6)
  A gnoll shaman (D:5)
  A human skeleton (Crypt:2)
  Terence (D:3)
  3 iguanas
  19 orc wizards
  8 worker ants
  An ogre zombie (Crypt:2)
  An acid dragon skeleton (Crypt:1)
  2 hound skeletons (D:6)
  A worker ant zombie (D:9)
  9 gnolls
  A howler monkey skeleton (D:5)
  6 adders
  6 shadow imps
  6 oozes
  An adder zombie (D:7)
  3 adder skeletons
  An iguana skeleton (Crypt:2)
  13 worms
  3 dart slugs
  6 leopard geckos
  92 orcs
  6 bats
  8 giant cockroaches
  8 hobgoblins
  8 jackals
  18 kobolds
  4 quokkas
  7 ball pythons
  6 frilled lizards
  A frilled lizard zombie (Crypt:2)
  3 goblins
  A leopard gecko skeleton (Crypt:2)
  2 quokka skeletons
  2 quokka zombies
  7 rats
  10 ball lightnings (Depths:2)
  19 blocks of ice
  A fungus (Lair:6)
  10 plants
  A tentacle (Shoals:3)
  A withered plant (D:12)
2358 creatures vanquished.

Vanquished Creatures (collateral kills)
  A juggernaut (Depths:4)
  Mennas (Crypt:1)
  A quicksilver dragon (Depths:4)
  3 war gargoyles (Depths:2)
  2 ghost moths (Spider:3)
  An emperor scorpion (Spider:2)
  Aizul (Vaults:1)
  A juggernaut zombie (Crypt:1)
  A deep elf annihilator (Elf:3)
  A white draconian (Zot:5)
  A spark wasp (Spider:3)
  2 merfolk javelineers (Shoals:3)
  A merfolk impaler (Shoals:3)
  A mummy priest (Crypt:2)
  Harold (Lair:3)
  A merfolk aquamancer (Shoals:3)
  2 dancing weapons
  2 sea snakes (Shoals:2)
  A storm dragon zombie (Crypt:2)
  A deep elf knight (Elf:2)
  2 wizards
  A deep elf archer (Elf:2)
  9 deep elf magi
  2 orc knights (Elf:2)
  A cyclops (Shoals:1)
  2 wolf spiders (Spider:3)
  2 orb spiders
  An orc sorcerer (Orc)
  2 merfolk sirens
  2 elephants (Lair:6)
  3 jumping spiders
  11 demonic crawlers
  A yaktaur (Depths:1)
  A yellow draconian skeleton (Crypt:2)
  4 merfolk
  3 tarantellas
  3 water elementals (Shoals:3)
  A redback (Spider:1)
  A warg (Orc)
  A water moccasin (Lair:6)
  6 earth elementals
  2 orc priests
  A crimson imp (D:10)
  2 orcs (Orc)
90 creatures vanquished.

Vanquished Creatures (others)
  An eldritch tentacle (Depths:1)
  A blizzard demon (Depths:2)
  A harpy (Shoals:2)
  2 dancing weapons (Depths:2)
  2 orc high priests (Orc)
  A deep elf knight (Orc)
  A glowing orange brain (Depths:2)
  An orc knight (Orc)
  2 fauns
  A troll (Orc)
  5 water elementals
  A vampire (D:7)
  An air elemental (Depths:2)
  A tarantella (Spider:1)
  2 wargs (Orc)
  A crocodile (Lair:3)
  6 orc warriors (Orc)
  An ogre (Orc)
  An orc priest (Orc)
  An orc wizard (Orc)
  5 orcs (Orc)
  2 ball lightnings (Depths:2)
  7 blocks of ice
  13 fungi
  27 plants
  9 tentacles (Shoals:3)
  3 withered plants (D:12)
99 creatures vanquished.

Grand Total: 2547 creatures vanquished

Notes
Turn   | Place    | Note
-------+----------+-------------------------------------------
     0 | D:1      | zoran the Draconian Archaeologist began the quest for the
                  | Orb.
     0 | D:1      | Reached XP level 1. HP: 16/16 MP: 1/1
   241 | D:1      | Reached XP level 2. HP: 24/24 MP: 2/2
   678 | D:2      | Reached XP level 3. HP: 29/29 MP: 3/3
  1308 | D:2      | Reached XP level 4. HP: 32/36 MP: 4/4
  1902 | D:3      | Found a hide-covered altar of Uskayaw.
  2056 | D:3      | Reached skill level 1 in Throwing
  2196 | D:3      | Found a shattered altar of Ashenzari.
  2268 | D:3      | Found a corrupted altar of Lugonu.
  2268 | D:3      | Found an iron altar of Okawaru.
  2278 | D:3      | Reached XP level 5. HP: 38/41 MP: 5/5
  2278 | D:3      | Identified a scroll of acquirement
  2431 | D:3      | Identified the +2 pair of boots "Wiutazxe" {rPois MR+} (You
                  | acquired it on level 3 of the Dungeon)
  2431 | D:3      | Identified the ring "Gich" {rC+++ MR+ SInv Stlth+} (You
                  | acquired it on level 3 of the Dungeon)
  2565 | D:3      | Found a sacrificial altar of Ru.
  2567 | D:3      | Found an ornate altar of the Wu Jian Council.
  2568 | D:3      | Found a shadowy altar of Dithmenos.
  2681 | D:3      | Noticed Terence
  2686 | D:3      | Killed Terence
  2706 | D:3      | Became a worshipper of Ashenzari the Shackled
  2707 | D:3      | Found the cursed amulet of Vision {SInv *Curse}
  3300 | D:4      | Found a glowing drain.
  3316 | Sewer    | Entered a sewer
  3376 | Sewer    | Reached * piety under Ashenzari
  3430 | Sewer    | Reached XP level 6. HP: 49/49 MP: 7/7
  3519 | Sewer    | Reached skill level 1 in Spellcasting
  3992 | D:4      | Your scales start taking on an icy white colour.
  3992 | D:4      | Reached XP level 7. HP: 34/57 MP: 10/12
  3992 | D:4      | Gained mutation: Your flesh is cold resistant. (rC+) [White
                  | Draconian growth]
  4258 | D:5      | Entered Level 5 of the Dungeon
  4297 | D:5      | Reached skill level 1 in Evocations
  4344 | D:5      | Found a radiant altar of Vehumet.
  4683 | D:5      | Found a basalt altar of Yredelemnul.
  4683 | D:5      | Found an ancient bone altar of Kikubaaqudgha.
  4684 | D:5      | Found an opulent altar of Gozag.
  4731 | D:5      | Reached XP level 8. HP: 63/63 MP: 13/13
  4761 | D:5      | Reached skill level 5 in Dodging
  5044 | D:5      | Found a glowing golden altar of the Shining One.
  5403 | D:6      | Noticed a troll
  5426 | D:6      | Killed a troll
  5496 | D:6      | Reached ** piety under Ashenzari
  5608 | D:6      | Found a snail-covered altar of Cheibriados.
  6015 | D:7      | Noticed a hippogriff
  6041 | D:7      | Noticed Menkaure
  6046 | D:7      | Killed Menkaure
  6260 | D:7      | Noticed a troll
  6261 | D:7      | Noticed a yaktaur
  6265 | D:7      | Noticed a skeletal warrior
  6277 | D:7      | Killed a troll
  6278 | D:7      | Reached XP level 9. HP: 72/72 MP: 15/15
  6282 | D:7      | Killed a skeletal warrior
  6283 | D:7      | Reached skill level 5 in Fighting
  6283 | D:7      | Reached skill level 5 in Spellcasting
  6442 | D:8      | Noticed a two-headed ogre
  6548 | D:8      | Found a shimmering blue altar of Sif Muna.
  6582 | D:8      | Identified Sif Muna's Tome of Summoning
  6593 | D:8      | Learned a level 1 spell: Summon Small Mammal
  6737 | D:8      | Reached skill level 1 in Summonings
  7013 | D:7      | Reached XP level 10. HP: 65/86 MP: 20/20
  7168 | D:8      | Killed a two-headed ogre
  7262 | D:7      | Reached skill level 5 in Evocations
  7470 | D:7      | Identified the ring "Izikhluc" {+Fly rPois}
  7619 | D:7      | Found a staircase to the Ecumenical Temple.
  7700 | D:7      | Reached *** piety under Ashenzari
  7874 | D:7      | Got the cursed mace of Covism {crush, Int+4}
  8115 | D:8      | Noticed a two-headed hydra
  8132 | D:8      | Killed a two-headed hydra
  8270 | D:8      | Reached skill level 5 in Throwing
  8443 | D:8      | Identified the amulet "Fuwnatzu" {Inacc Str+2}
  8624 | D:8      | Reached XP level 11. HP: 86/92 MP: 21/21
  8655 | D:8      | Learned a level 4 spell: Airstrike
  8657 | D:8      | Learned a level 1 spell: Shock
  8661 | D:8      | Learned a level 3 spell: Static Discharge
  8667 | D:8      | Learned a level 5 spell: Lightning Bolt
  8670 | D:8      | Learned a level 2 spell: Swiftness
  8811 | D:9      | Found a staircase to the Lair.
  8882 | D:9      | Reached skill level 1 in Conjurations
  8882 | D:9      | Reached skill level 1 in Air Magic
  9124 | D:9      | Noticed a soul eater
  9127 | D:9      | Noticed a soul eater
  9134 | D:9      | Reached skill level 2 in Air Magic
  9436 | D:9      | Identified the ring "Seng" {Ice Int+5 Dex-3}
  9642 | D:9      | Reached skill level 3 in Air Magic
  9864 | D:9      | Noticed a two-headed ogre
  9872 | D:9      | Killed a two-headed ogre
 10092 | D:9      | Reached skill level 4 in Air Magic
 10149 | Lair:1   | Entered Level 1 of the Lair of Beasts
 10181 | Lair:1   | Noticed a five-headed hydra
 10209 | D:9      | Reached skill level 5 in Air Magic
 10322 | Lair:1   | Killed a five-headed hydra
 10363 | Lair:1   | Reached skill level 6 in Air Magic
 10776 | Lair:1   | Reached **** piety under Ashenzari
 12039 | Lair:2   | Reached XP level 12. HP: 28/100 MP: 7/22
 12283 | Lair:2   | Found a hole to the Spider Nest.
 12484 | Lair:2   | Reached skill level 10 in Dodging
 12692 | Lair:2   | Found a staircase to the Shoals.
 12696 | Lair:2   | Found a runed door.
 13756 | Lair:3   | Noticed Harold
 13776 | Lair:3   | Killed Harold
 14012 | Lair:3   | Noticed Sonja
 14038 | Lair:3   | Killed Sonja
 14502 | Lair:3   | Noticed Urug
 14541 | Lair:3   | Reached ***** piety under Ashenzari
 14789 | Lair:4   | Found the +1 pair of gauntlets of War {Slay+6}
 14970 | Lair:4   | Identified the cursed amulet "Vops" {Faith Fragile Str+4
                  | Int+7} (You acquired it on level 4 of the Lair of Beasts)
 14970 | Lair:4   | Identified the Volume of Augmentations and the Entourage
                  | (You acquired it on level 4 of the Lair of Beasts)
 15501 | Lair:5   | Noticed Rupert
 15504 | Lair:5   | Killed Rupert
 15505 | Lair:5   | Reached skill level 5 in Conjurations
 15597 | Lair:5   | Reached skill level 10 in Evocations
 15828 | Lair:5   | Found a staircase to the Slime Pits.
 15829 | Lair:5   | Found a viscous altar of Jiyva.
 16548 | Lair:6   | Entered Level 6 of the Lair of Beasts
 16548 | Lair:6   | Noticed a five-headed hydra
 16555 | Lair:5   | Killed a five-headed hydra
 16556 | Lair:5   | Reached skill level 7 in Air Magic
 16556 | Lair:5   | Reached XP level 13. HP: 92/105 MP: 6/24
 16746 | Lair:6   | Reached skill level 5 in Summonings
 16842 | Lair:6   | Learned a level 5 spell: Summon Mana Viper
 17167 | Lair:6   | Learned a level 5 spell: Metabolic Englaciation
 17282 | Lair:6   | Reached skill level 1 in Ice Magic
 17286 | Lair:6   | Reached skill level 10 in Fighting
 17585 | Lair:6   | Identified the cursed +1 mace of Covism {crush, Int+4} (You
                  | found it on level 7 of the Dungeon)
 17671 | Lair:6   | Reached skill level 1 in Shields
 17698 | Lair:6   | Found a runed translucent gate.
 17698 | Lair:6   | Found a runed translucent gate.
 17698 | Lair:6   | Found a runed translucent gate.
 17699 | Lair:6   | Noticed yrara's ghost (journeyman DsFi)
 17772 | Lair:6   | Noticed Nessos
 17791 | Lair:6   | Killed Nessos
 17792 | Lair:6   | Reached skill level 5 in Ice Magic
 17916 | Lair:6   | Reached XP level 14. HP: 77/122 MP: 2/25
 18230 | Lair:6   | Killed yrara's ghost
 18545 | D:10     | Entered Level 10 of the Dungeon
 18584 | D:10     | Reached ****** piety under Ashenzari
 18679 | D:10     | Found Qyuro's Antique Armour Emporium.
 18762 | D:10     | Noticed Snorg
 18774 | D:10     | Killed Snorg
 19337 | D:10     | Identified the Compendium of Lethal Transformation
 19825 | D:11     | Reached skill level 10 in Spellcasting
 19973 | D:11     | Found a staircase to the Orcish Mines.
 20321 | D:11     | Reached skill level 1 in Hexes
 20882 | D:12     | Entered Level 12 of the Dungeon
 20882 | D:12     | Found a gate to the Vaults.
 21000 | D:12     | Noticed Maurice
 21004 | D:12     | Killed Maurice
 21306 | D:12     | Reached XP level 15. HP: 128/128 MP: 5/29
 21379 | D:12     | Reached skill level 10 in Summonings
 21527 | D:12     | Found a staircase to the Depths.
 21535 | D:12     | Noticed Kirke
 21553 | D:12     | Killed Kirke
 21559 | D:12     | Reached skill level 5 in Shields
 22691 | Orc      | Entered the Orcish Mines
 22701 | Orc      | Noticed an orc warlord
 22836 | Orc      | Found a roughly hewn altar of Beogh.
 22841 | Orc      | Found Covunu Igge's Book Shoppe.
 22881 | Orc      | Found Mecsud's Magic Scroll Shop.
 22889 | Orc      | Bought a scroll of vulnerability for 105 gold pieces
 22889 | Orc      | Bought a scroll of immolation for 49 gold pieces
 22889 | Orc      | Bought a scroll of identify for 28 gold pieces
 22889 | Orc      | Bought a scroll of identify for 28 gold pieces
 22935 | Orc      | Found a roughly hewn altar of Beogh.
 22953 | Orc      | Found Fyfirutz's General Store.
 23195 | Orc      | Killed an orc warlord
 23284 | Orc      | Found a roughly hewn altar of Beogh.
 23338 | Orc      | Found a roughly hewn altar of Beogh.
 23367 | Orc      | Found a roughly hewn altar of Beogh.
 23411 | Orc      | Found a staircase to the Elven Halls.
 23443 | Orc      | Noticed an orc warlord
 23454 | Orc      | Killed an orc warlord
 23730 | Orc      | Noticed an orc warlord
 23736 | Orc      | Killed an orc warlord
 23737 | Orc      | Reached skill level 10 in Shields
 23910 | Orc      | Found Fuhuddim's Antique Armour Emporium.
 23911 | Orc      | Found a roughly hewn altar of Beogh.
 23912 | Orc      | Found Hunnuen's Antique Weapon Shoppe.
 24148 | Orc      | Found a roughly hewn altar of Beogh.
 24191 | Orc      | Bought a book of Ice for 1170 gold pieces
 24198 | Orc      | Learned a level 6 spell: Freezing Cloud
 24417 | Shoals:1 | Entered Level 1 of the Shoals
 24938 | Shoals:2 | Reached XP level 16. HP: 98/136 MP: 3/30
 25032 | Shoals:2 | Found Kyeffaro's Jewellery Boutique.
 25077 | Shoals:3 | Entered Level 3 of the Shoals
 25481 | Shoals:3 | Noticed a kraken
 25807 | Shoals:3 | Found Ifedekaz's Jewellery Boutique.
 25807 | Shoals:3 | Found Ydoph's Jewellery Boutique.
 26507 | Shoals:3 | Found Narogy's Assorted Antiques.
 26703 | Shoals:3 | Noticed Ilsuiw
 26712 | Shoals:3 | Killed Ilsuiw
 26777 | Shoals:3 | Reached skill level 10 in Ice Magic
 27726 | Shoals:3 | Got a barnacled rune of Zot
 27762 | Shoals:3 | Found Mularigh's Armour Emporium.
 27859 | Lair:2   | Learned a level 7 spell: Icicle Burst
 27911 | Spider:1 | Entered Level 1 of the Spider Nest
 28470 | Spider:1 | Reached XP level 17. HP: 125/141 MP: 24/33
 28745 | Spider:1 | Identified the +0 leather armour of Slovenliness {-Cast
                  | *Slow rC+++ Str+3}
 29934 | Spider:2 | Reached skill level 10 in Conjurations
 30462 | Spider:3 | Entered Level 3 of the Spider Nest
 33357 | Spider:3 | Got a gossamer rune of Zot
 33623 | Shoals:1 | Reached XP level 18. HP: 149/149 MP: 3/36
 33731 | Shoals:1 | Found Fianil's Antique Armour Boutique.
 33802 | Shoals:2 | Reached skill level 15 in Spellcasting
 33941 | Shoals:3 | Bought the amulet of Xom's Flight of Fancy {RegenMP rPois
                  | rF++ MP+9 Dex-2} for 1162 gold pieces
 34119 | Elf:1    | Entered Level 1 of the Elven Halls
 34119 | Elf:1    | Found a runed gate.
 34119 | Elf:1    | Found a runed gate.
 34119 | Elf:1    | Found a runed gate.
 34119 | Elf:1    | Found a runed gate.
 34119 | Elf:1    | Found a runed gate.
 34119 | Elf:1    | Found a runed gate.
 34121 | Elf:1    | Found a runed door.
 34141 | Elf:1    | Found a runed door.
 34539 | Elf:1    | Found Ruvuwk's Book Emporium.
 34575 | Elf:1    | Identified the +5 hand axe of Unpleasantness {chop, rElec
                  | rPois SInv Stlth+}
 35150 | Elf:1    | Identified the cursed +3 buckler of Weightlessness {MR+}
                  | (You acquired it on level 1 of the Elven Halls)
 35150 | Elf:1    | Identified the cursed ring of the Hart {EV+3 Dex+5} (You
                  | acquired it on level 1 of the Elven Halls)
 35575 | Elf:2    | Found a shimmering blue altar of Sif Muna.
 35921 | Elf:2    | Reached skill level 8 in Air Magic
 36184 | Elf:2    | Found a runed gate.
 36184 | Elf:2    | Found a runed gate.
 36220 | Elf:2    | Found a runed gate.
 36858 | Elf:2    | Reached skill level 9 in Air Magic
 37207 | Elf:2    | Reached XP level 19. HP: 163/165 MP: 26/38
 37347 | Elf:3    | Entered Level 3 of the Elven Halls
 37440 | Elf:3    | Found Casevyfu's Distillery.
 37461 | Elf:3    | Noticed Nikola
 37472 | Elf:3    | Killed Nikola
 37751 | Elf:3    | Reached skill level 10 in Air Magic
 37820 | Elf:3    | Noticed Roxanne
 37830 | Elf:3    | Killed Roxanne
 37865 | Elf:3    | Identified Roxanne's Almanac of Clay (You took it off
                  | Roxanne on level 3 of the Elven Halls)
 38108 | Elf:3    | Noticed Mara
 38117 | Elf:3    | Killed Mara
 38381 | Elf:3    | Identified the cursed +0 rapier of the Two Names {flame,
                  | rN+ Str+5 Stlth-}
 38901 | Elf:3    | Identified the cursed +0 helmet "Poiq" {Int+3 Stlth-}
 38934 | Elf:3    | Identified Niutysuk's Guide on Cankerous Transformation
 38942 | Elf:3    | Identified the +0 pair of boots of Dim Light {rPois rC++
                  | rN+}
 38942 | Elf:3    | Identified the ring "Heumiycs" {Str+8 Stlth++}
 38951 | Elf:3    | Identified Wizardry, Part One
 39321 | Vaults:1 | Entered Level 1 of the Vaults
 39714 | Vaults:1 | Found a staircase to the Crypt.
 39762 | Vaults:1 | Reached skill level 5 in Stealth
 39762 | Vaults:1 | Reached XP level 20. HP: 46/172 MP: 1/40
 40029 | Vaults:1 | Noticed Aizul
 40042 | Vaults:1 | Killed Aizul
 40633 | Vaults:1 | Found Hefib's Book Shoppe.
 40902 | Vaults:1 | Reached skill level 10 in Stealth
 42409 | Vaults:2 | Reached skill level 11 in Air Magic
 43202 | Vaults:2 | Identified the +5 quarterstaff of Bile {crush, rPois rC+
                  | rN+ MR+ Int-4}
 43313 | Vaults:2 | Reached XP level 21. HP: 170/179 MP: 37/41
 43495 | Vaults:2 | Reached skill level 12 in Air Magic
 44172 | Vaults:2 | Learned a level 8 spell: Tornado
 44208 | Vaults:1 | Reached skill level 1 in Translocations
 44423 | Slime:1  | Entered Level 1 of the Pits of Slime
 44423 | Slime:1  | Noticed Donald
 44432 | Slime:1  | Killed Donald
 44696 | Slime:1  | Reached skill level 5 in Translocations
 45360 | Slime:5  | Entered Level 5 of the Pits of Slime
 45597 | Slime:5  | Noticed the Royal Jelly
 45606 | Slime:5  | Killed the Royal Jelly
 45764 | Slime:5  | Identified the +8 long sword "Pufuah" {antimagic, Str+4
                  | SInv}
 45768 | Slime:5  | Reached skill level 10 in Translocations
 45897 | Slime:5  | Identified Qoson's Collected Works on Creative Curses
 45932 | Slime:5  | Got a slimy rune of Zot
 46764 | Vaults:3 | Entered Level 3 of the Vaults
 46769 | Vaults:3 | Noticed a golden dragon
 47037 | Depths:1 | Entered Level 1 of the Depths
 47049 | Depths:1 | Reached skill level 15 in Ice Magic
 47166 | Depths:1 | Noticed Saint Roka
 47178 | D:12     | Reached XP level 22. HP: 139/187 MP: 32/42
 47238 | Depths:1 | HP: 5/187 [eldritch tentacle[the power of Zot] (10)]
 47541 | Crypt:1  | Entered Level 1 of the Crypt
 47638 | Crypt:1  | Noticed Margery
 47663 | Crypt:1  | Killed Margery
 47665 | Crypt:1  | Noticed Frederick
 47879 | Crypt:1  | Noticed Mennas
 47949 | Crypt:1  | Killed Frederick
 48008 | Crypt:1  | Reached skill level 13 in Air Magic
 48978 | Crypt:1  | Killed Mennas
 49170 | Crypt:2  | Entered Level 2 of the Crypt
 49452 | Crypt:2  | Found a staircase to the Tomb.
 49928 | Crypt:2  | Identified the +1 scale mail of the Learner {-Cast rF+
                  | Str+2 Int+4}
 50131 | Crypt:2  | Reached skill level 14 in Air Magic
 50277 | Crypt:2  | Identified the ring of Cifohyeg {rF- rC++ rN+ Str+4}
 50323 | Crypt:2  | Identified the ring of Iresorim {+Fly rF+ rN+ MR+}
 50392 | Crypt:2  | Identified the +9 trident "Pigawuba" {vamp, Str+6}
 50420 | Crypt:2  | Identified the amulet "Olokk" {Regen rElec rN+ SInv}
 50691 | Crypt:2  | Found an ancient bone altar of Kikubaaqudgha.
 50694 | Crypt:2  | Found a basalt altar of Yredelemnul.
 50704 | Crypt:2  | Identified the +3 short sword of Certain Death {flame, rC+
                  | Int+3}
 51145 | Vaults:2 | Learned a level 6 spell: Aura of Abjuration
 51231 | Depths:1 | Noticed Asterion
 51235 | Depths:1 | Reached XP level 23. HP: 190/193 MP: 32/43
 51236 | Depths:1 | Killed Saint Roka
 51238 | Depths:1 | Killed Asterion
 51308 | Depths:1 | Identified the cursed ring "Nyiqaf" {Dex+3 Stlth--}
 51616 | Depths:1 | Reached skill level 15 in Air Magic
 51981 | Depths:1 | Found Bujih's Gadget Emporium.
 51982 | Depths:1 | Found Nucuack's Jewellery Shop.
 51982 | Depths:1 | Found Zaunakab's Jewellery Shop.
 52547 | Depths:1 | Found a gateway to Hell.
 53059 | Depths:2 | Identified the +9 great sword of Mext {slice, rPois Int+4}
 53710 | Depths:2 | Reached skill level 15 in Translocations
 53963 | Depths:2 | Gained mutation: You expend magic power (3 MP) to
                  | strengthen your wands. [potion of mutation]
 53963 | Depths:2 | Gained mutation: You are occasionally teleported next to
                  | monsters. [potion of mutation]
 53963 | Depths:2 | Gained mutation: Scrolls take you a little longer to read.
                  | [potion of mutation]
 53963 | Depths:2 | Gained mutation: You are resistant to hostile enchantments.
                  | (MR+) [potion of mutation]
 53964 | Depths:2 | Lost mutation: Scrolls take you a little longer to read.
                  | [potion of mutation]
 53964 | Depths:2 | Lost mutation: You are resistant to hostile enchantments.
                  | (MR+) [potion of mutation]
 53964 | Depths:2 | Lost mutation: You are occasionally teleported next to
                  | monsters. [potion of mutation]
 53964 | Depths:2 | Lost mutation: You expend magic power (3 MP) to strengthen
                  | your wands. [potion of mutation]
 53964 | Depths:2 | Gained mutation: You have large cloven feet. [potion of
                  | mutation]
 53964 | Depths:2 | Gained mutation: Your mind is acute. (Int +2) [potion of
                  | mutation]
 53964 | Depths:2 | Gained mutation: You are somewhat resistant to further
                  | mutation. [potion of mutation]
 54409 | Depths:2 | Identified the ring "Devviq Jupt" {+Fly rC+}
 54415 | Depths:2 | Identified the +1 ring mail of Gacoag Wewn {rElec Dex-4
                  | Stlth+}
 54576 | Depths:3 | Noticed Zenata
 54580 | Depths:3 | Killed Zenata
 54829 | Depths:3 | Reached skill level 15 in Fighting
 54892 | Depths:3 | Found Affyetrooto's Changing Room.
 54918 | Depths:3 | Noticed Sojobo
 54942 | Depths:2 | Reached XP level 24. HP: 111/207 MP: 14/43
 55146 | Depths:3 | Killed Sojobo
 55364 | Depths:3 | Found a one-way gate leading to the halls of Pandemonium.
 55411 | Depths:3 | Reached skill level 16 in Air Magic
 55717 | Depths:3 | Found the +2 cloak of the Thief {+Fog +Inv Slay-2 SInv
                  | Stlth+}
 55883 | Depths:3 | Found a shadowy altar of Dithmenos.
 56327 | Depths:4 | Found a gateway to a ziggurat.
 56341 | Depths:4 | Reached skill level 17 in Air Magic
 56415 | Depths:4 | Noticed a golden dragon
 56963 | Depths:4 | Found a one-way gate to the infinite horrors of the Abyss.
 57128 | Depths:4 | Reached skill level 18 in Air Magic
 57204 | Depths:4 | Noticed a juggernaut
 57204 | Depths:4 | Noticed a golden dragon
 57204 | Depths:4 | Noticed a juggernaut
 57205 | Depths:4 | Identified the +9 falchion "Yhoi" {drain, rF+}
 57575 | Depths:4 | Killed a juggernaut
 57585 | Depths:4 | Killed a golden dragon
 57592 | Depths:4 | Reached skill level 19 in Air Magic
 57714 | Depths:4 | Killed a golden dragon
 57784 | Depths:4 | Killed a juggernaut
 57942 | Depths:4 | Reached XP level 25. HP: 194/214 MP: 21/43
 58326 | Depths:5 | Entered Level 5 of the Depths
 58346 | Depths:5 | Noticed a Killer Klown
 58531 | Depths:5 | Killed a Killer Klown
 59267 | Depths:5 | Noticed a golden dragon
 59547 | Depths:5 | Killed a golden dragon
 59652 | Depths:5 | Learned a level 8 spell: Glaciate
 59825 | Vaults:3 | Killed a golden dragon
 59838 | Vaults:3 | Identified the +10 rapier of Pyromania {speed, Fragile
                  | rPois Str+4 Dex+5}
 60584 | Vaults:3 | Reached XP level 26. HP: 216/222 MP: 42/45
 60668 | Vaults:3 | Noticed a golden dragon
 60675 | Vaults:3 | Killed a golden dragon
 60695 | Vaults:3 | Identified the amulet "Reloem" {Inacc MR+}
 60992 | Vaults:3 | Identified the +6 shortbow "Sarcophage" {flame, Fragile rC+
                  | rN+}
 60998 | Vaults:3 | Identified the cursed +0 quarterstaff of the Mind {protect,
                  | rElec}
 61002 | Vaults:3 | Got a silver rune of Zot
 61090 | Vaults:3 | Identified the +5 trident of Analysis {pierce, *Rage Int+4
                  | SInv}
 61137 | Vaults:3 | Identified the +4 great sword of Gin and Tonic {venom,
                  | rPois Str-4 SInv Stlth+}
 61363 | Depths:5 | Found a gate to the Realm of Zot.
 61381 | Zot:1    | Entered Level 1 of the Realm of Zot
 61632 | Zot:1    | Identified the +1 robe "Tuvouch" {+Fly Str+3 Int+3 Dex-3}
 62394 | Zot:1    | Noticed a golden dragon
 62400 | Zot:1    | Killed a golden dragon
 63542 | Zot:2    | Noticed a golden dragon
 63546 | Zot:2    | Killed a golden dragon
 63547 | Zot:2    | Reached skill level 15 in Dodging
 63591 | Zot:2    | Noticed a Killer Klown
 63594 | Zot:2    | Killed a Killer Klown
 64166 | Zot:2    | Noticed a golden dragon
 64170 | Zot:2    | Killed a golden dragon
 64728 | Zot:3    | Identified the cursed +1 chain mail of Dishonour {rN+}
 64747 | Zot:3    | Reached XP level 27. HP: 226/240 MP: 34/45
 66279 | Zot:5    | Entered Level 5 of the Realm of Zot
 66650 | Zot:5    | Noticed an ancient lich
 66655 | Zot:5    | Noticed an orb of fire
 66668 | Zot:5    | Killed an orb of fire
 66674 | Zot:5    | Noticed an orb of fire
 66678 | Zot:5    | Killed an orb of fire
 66690 | Zot:5    | Reached skill level 20 in Air Magic
 66739 | Zot:5    | Noticed an orb of fire
 66742 | Zot:5    | Noticed an orb of fire
 66746 | Zot:5    | Killed an orb of fire
 66748 | Zot:5    | Killed an orb of fire
 66862 | Zot:5    | Noticed an orb of fire
 66866 | Zot:5    | Killed an ancient lich
 66869 | Zot:5    | Killed an orb of fire
 66870 | Zot:5    | Reached skill level 21 in Air Magic
 67011 | Zot:5    | Noticed an orb of fire
 67022 | Zot:5    | Killed an orb of fire
 67137 | Zot:5    | Noticed an ancient lich
 67152 | Zot:5    | Killed an ancient lich
 67199 | Zot:5    | Reached skill level 22 in Air Magic
 67205 | Zot:5    | Noticed an orb of fire
 67212 | Zot:5    | Killed an orb of fire
 67455 | Zot:5    | Got the Orb of Zot
 67999 | D:$      | Escaped with the Orb!

Skill      XL: |  1  2  3  4  5  6  7  8  9 10 11 12 13 14 15 16 17 18 19 20 21 22 23 24 25 26 27 |
---------------+----------------------------------------------------------------------------------+-----
Dodging        | 3 4 7 8 9 10 13 15 18 | 18.3
Maces & Flails | 2 3 4 |  4.0
Fighting       | 2 3 4 7 10 13 15 18 | 18.6
Throwing       | 1 2 5 6 |  6.3
Spellcasting   | 3 4 6 7 10 12 14 15 16 18 | 18.3
Evocations     | 3 6 7 10 11 | 11.1
Summonings     | 1 5 9 10 | 10.4
Conjurations   | 2 5 7 11 12 14 | 14.2
Air Magic      | 6 7 9 10 11 12 14 15 19 22 | 22.8
Ice Magic      | 6 7 8 11 13 14 15 18 19 | 19.6
Shields        | 3 10 | 10.1
Hexes          | 1 |  1.7
Stealth        | 5 13 | 13.1
Translocations | 10 12 15 | 15.3

Action                   |  1- 3 |  4- 6 |  7- 9 | 10-12 | 13-15 | 16-18 | 19-21 | 22-24 | 25-27 || total
-------------------------+-------+-------+-------+-------+-------+-------+-------+-------+-------++-------
Melee: Whip              |   182 |   241 |   242 |   377 |       |       |       |       |       ||  1042
       Tailslap          |    22 |    26 |    34 |    51 |     2 |    46 |    12 |    11 |    12 ||   216
       Staff             |       |       |       |     2 |    58 |   387 |    64 |   101 |    73 ||   685
 Fire: Blowgun           |       |     2 |    17 |    13 |       |       |       |       |       ||    32
Throw: Javelin           |    10 |     7 |       |       |       |       |       |       |       ||    17
       Tomahawk          |       |     5 |    33 |    50 |    42 |    77 |     5 |     3 |       ||   215
 Cast: Summon Small Mamm |       |       |     4 |       |     2 |       |       |       |       ||     6
       Shock             |       |       |       |   188 |   297 |   144 |    17 |    13 |       ||   659
       Static Discharge  |       |       |       |    83 |   188 |    59 |    82 |     7 |     6 ||   425
       Airstrike         |       |       |       |    31 |   185 |   469 |    93 |   322 |    77 ||  1177
       Lightning Bolt    |       |       |       |    28 |   152 |    78 |   234 |   160 |   123 ||   775
       Metabolic Englaci |       |       |       |       |     9 |    21 |    35 |     4 |     5 ||    74
       Summon Mana Viper |       |       |       |       |     4 |    80 |    14 |     9 |     2 ||   109
       Freezing Cloud    |       |       |       |       |     4 |    54 |    70 |    53 |     9 ||   190
       Swiftness         |       |       |       |       |     2 |       |       |       |       ||     2
       Icicle Burst      |       |       |       |       |       |    13 |   159 |   295 |   341 ||   808
       Tornado           |       |       |       |       |       |       |     2 |    11 |    11 ||    24
       Aura of Abjuratio |       |       |       |       |       |       |       |     2 |       ||     2
       Glaciate          |       |       |       |       |       |       |       |       |    51 ||    51
Invok: Curse Item        |       |     5 |     1 |       |     3 |     2 |     1 |     1 |     1 ||    14
       Scrying           |       |       |     1 |       |       |       |       |     3 |     1 ||     5
 Abil: Breathe Frost     |       |       |     9 |     9 |     3 |    24 |     8 |     7 |       ||    60
Evoke: Wand              |       |       |    13 |     4 |    11 |    35 |    11 |    29 |    19 ||   122
       Lamp of fire      |       |       |       |     1 |     5 |     2 |     1 |     6 |       ||    15
       Lightning rod     |       |       |       |       |    23 |     5 |    12 |     8 |       ||    48
       Box of beasts     |       |       |       |       |     1 |     1 |       |     4 |     1 ||     7
       Fan of gales      |       |       |       |       |       |     2 |       |     4 |       ||     6
       Sack of spiders   |       |       |       |       |       |       |     3 |     9 |     2 ||    14
       Phial of floods   |       |       |       |       |       |       |     1 |     7 |     1 ||     9
       Phantom mirror    |       |       |       |       |       |       |       |     1 |       ||     1
  Use: Scroll            |       |     6 |     4 |     4 |    14 |     8 |     3 |     7 |     5 ||    51
       Potion            |       |     1 |     3 |     1 |       |     1 |     7 |    11 |     3 ||    27
 Stab: Sleeping          |     2 |    10 |     9 |     5 |       |     1 |       |     2 |       ||    29
       Distracted        |       |       |       |     1 |       |     2 |     1 |       |     1 ||     5
  Eat: Chunk             |     6 |    16 |    16 |    42 |    32 |    39 |    20 |    13 |    20 ||   204
       Ration            |       |       |       |     2 |     2 |    10 |     7 |     8 |     6 ||    35
Armor: Skin              |    63 |    72 |    69 |   175 |   127 |   229 |    72 |   129 |    82 ||  1018
Dodge: Dodged            |   106 |   148 |   186 |   506 |   389 |   578 |   224 |   266 |   198 ||  2601
Block: Buckler           |       |       |       |       |   117 |   536 |   208 |   232 |   143 ||  1236
       Reflection        |       |       |       |       |     5 |    31 |       |       |       ||    36
